 Dungeon Crawl Stone Soup version 0.17-a0-1714-g35622ae (webtiles) character file.

67 Sixotanaka the Chucker (level 4, 0/25 HPs)
             Began as a Kobold Arcane Marksman on Aug 23, 2015.
             Succumbed to poison (a potion of poison)
             ... on level 2 of the Dungeon.
             The game lasted 00:07:50 (2168 turns).

Sixotanaka the Chucker (Kobold Arcane Marksman)     Turns: 2168, Time: 00:07:50

Health: 0/25       AC:  5    Str:  9    XL:     4   Next: 40%
Magic:  5/5        EV: 21    Int: 16    God:
Gold:   66         SH:  0    Dex: 21    Spells: 1 memorised, 4 levels left

rFire  . . .     SeeInvis .     b - +1 quarterstaff (drain)
rCold  . . .     Clarity  +     c - +1 robe
rNeg   . . .     SustAt   .     (shield restricted)
rPois  .         Gourm    .     (no helmet)
rElec  .         Spirit   .     (no cloak)
rCorr  .         Warding  .     (no gloves)
rMut   .         Stasis   .     u - +1 pair of boots
MR     .....                    h - amulet of clarity
Stlth  +++.......               (no ring)
                                j - ring of wizardry

@: brilliant, agile, lethally poisoned (0 -> -7), very slightly contaminated,
invisible (expiring), not resistant to hostile enchantments, fairly stealthy
A: carnivore 3
a: no special abilities


You were on level 2 of the Dungeon.
You were very full.

You visited 1 branch of the dungeon, and saw 2 of its levels.

You collected 66 gold pieces.


Innate Abilities, Weirdness & Mutations

You are small and have problems with some larger weapons.
You are carnivorous and can eat meat at any time.


   Skills:
 - Level 1.1 Fighting
 - Level 1.0 Short Blades
 - Level 2.4(3.7) Slings
 * Level 4.6(5.0) Throwing
 - Level 2.4 Dodging
 - Level 1.0 Spellcasting
 - Level 3.0 Hexes


You had 4 spell levels left.
You knew the following spells:

 Your Spells              Type           Power        Failure   Level  Hunger
z - Corona                Hex            ###....      1%          1    ##.....


Dungeon Overview and Level Annotations

Branches:
Dungeon (2/15)

Altars:
Cheibriados

Inventory:

Hand weapons
 a - a +0 hunting sling
 b - a +1 quarterstaff of draining (weapon)
   (You found it on level 2 of the Dungeon)
 v - a +0 short sword
Missiles
 g - 74 stones (quivered)
 k - 19 sling bullets
 p - 6 tomahawks
Armour
 c - a +1 robe (worn)
 u - a +1 pair of boots (worn)
Jewellery
 h - an amulet of clarity (around neck)
 j - a ring of wizardry (left hand)
Scrolls
 m - a scroll of identify {@r1}
 o - 2 scrolls of teleportation {@r4}
Potions
 t - a potion of poison {!q}
Books
 d - a book of Debilitation
Comestibles
 e - 2 meat rations
 q - 2 chunks of flesh

###.... ## .. #.. #.#
###... .. ...... ##..
#.## ....# ....#
..##.... ....##
#....#
#..######...###.#####
#........@..........
#.###....##.#####.#
#.....#####†.##...#
##.)#### ##..#)..####
## ####...#
#..........# .#
#....#..#
#..........#
.###.#####.#
#..........# .##..#
.# #...........
....######.#
#.###..##...


There were no monsters in sight!


Message History

That liquid tasted very nasty...
You are lethally poisoned!
* * * LOW HITPOINT WARNING * * *
You feel sick. The adder barely misses you.
Drink which item? (? for menu, Esc to quit)
It was a potion of agility.
You feel agile all of a sudden.
* * * LOW HITPOINT WARNING * * *
You feel sick. The adder closely misses you.
Drink which item? (? for menu, Esc to quit)
It was a potion of invisibility.
You fade into invisibility!
* * * LOW HITPOINT WARNING * * *
You feel sick. The adder closely misses you.
You are very lightly contaminated with residual magic.
Drink which item? (? for menu, Esc to quit)
It was a potion of brilliance.
You feel clever all of a sudden.
* * * LOW HITPOINT WARNING * * *
You feel sick. The adder misses you. The adder closely misses you.
You sock the adder!
You kill the adder!
* * * LOW HITPOINT WARNING * * *
You feel sick.
There is a lethal amount of poison in your body!
Unknown command.
Drink which item? (? for menu, Esc to quit)
Okay, then.
Read which item? (? for menu, Esc to quit)
As you read the scroll labeled WINUMP YRAMA, it crumbles to dust.
It is a scroll of identify.
Identify which item? (\ to view known items) (? for menu, Esc to quit)
o - 2 scrolls of teleportation
* * * LOW HITPOINT WARNING * * *
You feel sick.
Drink which item? (? for menu, Esc to quit)
Okay, then.
There is a lethal amount of poison in your body!
* * * LOW HITPOINT WARNING * * *
You feel sick.
* * * LOW HITPOINT WARNING * * *
You feel sick.
Unknown command.
Read which item? (? for menu, Esc to quit)
As you read the scroll labeled HEOJEIGYGH, it crumbles to dust.
It is a scroll of enchant weapon.
Enchant which weapon? (? for menu, Esc to quit)
Your +0 quarterstaff of draining glows red for a moment.
* * * LOW HITPOINT WARNING * * *
You feel sick.
Read which item? (? for menu, Esc to quit)
As you read the scroll labeled MOSIRGHESAM, it crumbles to dust.
It is a scroll of enchant armour.
Enchant which item? (? for menu, Esc to quit)
Your +0 robe glows green for a moment.
* * * LOW HITPOINT WARNING * * *
You feel sick.
Read which item? (? for menu, Esc to quit)
Blink to where?
As you read the scroll labeled ZAEFUI FIYSHRE, it crumbles to dust.
It was a scroll of blinking.
There is a lethal amount of poison in your body!
You flicker for a moment.
* * * LOW HITPOINT WARNING * * *
You feel sick.
Okay, then.
* * * LOW HITPOINT WARNING * * *
You feel sick.
Unknown command.
You die...

Action                   |  1- 3 |  4- 6 || total
-------------------------+-------+-------++-------
Melee: Short sword       |   125 |     8 ||   133
       Quarterstaff      |       |    17 ||    17
 Fire: Hunting sling     |    26 |       ||    26
Throw: Stone             |     3 |       ||     3
 Cast: Corona            |     1 |       ||     1
  Use: Potion            |     1 |     4 ||     5
       Scroll            |       |     4 ||     4
 Stab: Sleeping          |     4 |     1 ||     5
  Eat: Chunk             |    11 |     1 ||    12

Vault maps used:
D:1:      co_arrival_random_square_maze, cheibriados_altar_1
D:2:      minmay_rat_hole

Notes
Turn   | Place    | Note
--------------------------------------------------------------
     0 | D:1      | Sixotanaka the Kobold Arcane Marksman began the quest for the Orb.
     0 | D:1      | Reached XP level 1. HP: 12/12 MP: 2/2
    82 | D:1      | Reached skill level 1 in Throwing
   221 | D:1      | Reached skill level 2 in Throwing
   221 | D:1      | Reached XP level 2. HP: 12/16 MP: 3/3
   302 | D:1      | Found a snail-covered altar of Cheibriados.
   619 | D:1      | Reached skill level 3 in Throwing
   923 | D:1      | Reached XP level 3. HP: 20/20 MP: 2/4
  1658 | D:2      | Reached skill level 4 in Throwing
  1795 | D:2      | Reached skill level 1 in Short Blades
  1795 | D:2      | Reached XP level 4. HP: 13/25 MP: 5/5
  2158 | D:2      | HP: 6/25 [poison (a potion of poison)]
  2162 | D:2      | HP: 2/25 [poison (a potion of poison)]
  2168 | D:2      | Succumbed to poison (a potion of poison)

Vanquished Creatures
  An adder (D:2)
  An ooze (D:2)
  2 giant cockroaches
  6 hobgoblins
  7 kobolds
  A quokka (D:2)
  5 bats (D:1)
  2 giant geckos
  4 giant newts
  4 goblins
  4 jackals (D:2)
  23 rats
60 creatures vanquished.
